 Dungeon Crawl Stone Soup version 0.28.0-53-g5a82cb258f (webtiles) character file.

Game seed: 13463724747400126458

70 adizb the Skirmisher (level 4, -6/48 HPs)
             Began as an Ogre Gladiator on July 17, 2022.
             Was an Initiate of Elyvilon.
             Killed from afar by Sigmund (7 damage)
             ... with a magic dart
             ... on level 2 of the Dungeon.
             The game lasted 00:08:55 (1219 turns).

adizb the Skirmisher (Ogre Gladiator)               Turns: 1219, Time: 00:08:55

Health: -6/48      AC:  3    Str: 18    XL:     4   Next: 21%
Magic:  4/4        EV: 10    Int: 11    God:    Elyvilon [......]
Gold:   36         SH:  0    Dex: 10    Spells: 3/3 levels left

rFire   . . .      SeeInvis .   a - +0 quarterstaff
rCold   . . .      Faith    .   (shield currently unavailable)
rNeg    . . .      Spirit   .   b - +0 robe
rPois   .          Reflect  .   c - +0 hat
rElec   .          Harm     .   (no cloak)
rCorr   +          Rampage  .   (gloves unavailable)
Will    .....                   (boots unavailable)
Stlth   +.........              (no amulet)
HPRegen 0.16/turn               e - ring of resist corrosion
MPRegen 0.09/turn               (no ring)

@: about to teleport
A: large, unfitting armour, tough skin 1
a: Renounce Religion


You were on level 2 of the Dungeon.
You worshipped Elyvilon.
Elyvilon was noncommittal.
You visited 1 branch of the dungeon, and saw 3 of its levels.

You collected 36 gold pieces.

Inventory:

Hand Weapons
 a - a +0 quarterstaff (weapon)
Missiles
 d - 3 throwing nets (quivered)
Armour
 b - a +0 robe (worn)
 c - a +0 hat (worn)
 i - an orb of light
Jewellery
 e - a ring of resist corrosion (left hand)
Scrolls
 h - a scroll of identify {unknown}
Potions
 f - a potion of attraction {unknown}
 g - 2 potions of haste {unknown}


   Skills:
 * Level 4.0 Fighting
 * Level 3.7 Staves
 + Level 2.4 Throwing
 + Level 3.1 Dodging


You had 3 spell levels left.
You didn't know any spells.
Your spell library contained the following spells:

 Spells                   Type           Power      Damage    Failure   Level
 Dispersal                Tloc           0%         N/A       100%        6
 Disjunction              Tloc           0%         N/A       100%        8


Dungeon Overview and Level Annotations

Branches:
Dungeon (3/15)

Altars:
Elyvilon
Makhleb
Yredelemnul

Annotations:
D:2 Sigmund


Innate Abilities, Weirdness & Mutations

You are too large for most types of armour.
You have tough skin. (AC +1)


Message History

k - a +0 spear You drop a +0 spear.
Sigmund the Dreaded comes into view.
He is wielding a +0 scythe and wearing a +2 robe of fire resistance.
A hobgoblin comes into view.
The hobgoblin shouts!
You hear a shout!
You barely miss the hobgoblin. The hobgoblin closely misses you.
You hit the hobgoblin.
You kill the hobgoblin!
Sigmund is nearby!
Sigmund casts a spell at you.
You are confused.
You bump into the rock wall.
You bump into the rock wall.
Sigmund gestures at you while chanting. The puff of flame hits you!
You bump into the rock wall.
You are too confused!
You bump into the rock wall.
You feel less confused. Sigmund gestures at you while chanting.
You are confused.
You see here a +0 ring mail.
You are too confused!
Sigmund drinks a potion.
Sigmund flickers and vanishes!
Deactivating autopickup; reactivate with Ctrl-A.
You bump into the rock wall.
A magic dart appears from out of thin air!
The magic dart hits you!
* * * LOW HITPOINT WARNING * * *
You're too confused to move!
You bump into the rock wall.
You feel less confused.
As you read the scroll of teleportation, it crumbles to dust.
You feel strangely unstable.
A magic dart appears from out of thin air!
The magic dart hits you!
* * * LOW HITPOINT WARNING * * *
A magic dart appears from out of thin air!
The magic dart hits you!
You die...

#..........#.# ##.#
#.#
#..##.#......###.##
## ..#
#.....####..[...##
##.# ##.# #.###.#
#.#{###)###.# ##..#
#.# #.# #.#.#
##.#..###...## #.#
#.#
#.#.#####....#......
#.# #.#
#.#.##..............
#####.# #.#
#.#.##.........._...
...##.# #.#
#.#@##.<............
#...<.# #.#
#.....(..†...#......
#..#### #.#
###..#.......###.###
[.....#
#.#######.#.......#
#.# #..##.#
#.......†.........#
#.# #..##.#
#.#######.#########
#.# ...##.# #.# #.#
#>.##.###.# #.#
..........# #..


There were no monsters in sight!

Vanquished Creatures
  Jessica (D:3)
  An adder (D:2)
  A dart slug (D:1)
  3 endoplasms
  4 goblins
  5 hobgoblins
  3 kobolds
  7 ball pythons
  4 bats
  2 rats
31 creatures vanquished.

Notes
Turn   | Place    | Note
-------+----------+-------------------------------------------
     0 | D:1      | adizb the Ogre Gladiator began the quest for the Orb.
     0 | D:1      | Reached XP level 1. HP: 22/22 MP: 1/1
    65 | D:1      | Reached skill level 3 in Fighting
    88 | D:1      | Reached XP level 2. HP: 19/31 MP: 2/2
   741 | D:3      | Reached XP level 3. HP: 23/37 MP: 3/3
   819 | D:3      | Noticed Jessica
   826 | D:3      | Killed Jessica
   874 | D:3      | Found a basalt altar of Yredelemnul.
   937 | D:3      | Found a white marble altar of Elyvilon.
   949 | D:3      | Became a worshipper of Elyvilon the Healer
  1119 | D:2      | Reached skill level 4 in Fighting
  1119 | D:2      | Reached XP level 4. HP: 15/48 MP: 4/4
  1149 | D:2      | Found a burning altar of Makhleb.
  1189 | D:2      | Noticed Sigmund
  1218 | D:2      | HP: 1/48 [something/magic dart (9)]
  1219 | D:2      | Killed from afar by Sigmund

Illustrated notes

Levels and vault maps discovered:
D:1:      elethiomel_arrival_maze, layout_loops_cross
D:2:      layout_loops_ring, basic_altar, minmay_cupped, uniq_sigmund
D:3:      layout_loops_corners, kennysheep_ying_yang, serial_park_tiny_pond,
          uniq_crazy_yiuf_cottage, uniq_jessica

Skill      XL: |  1  2  3 |
---------------+----------+-----
Fighting       | 3 4 |  4.0
Dodging        | 3 |  3.1
Staves         | |  3.7
Throwing       | |  2.4

Action                   |  1- 3 |  4- 6 || total
-------------------------+-------+-------++-------
Melee: Quarterstaff      |    82 |     5 ||    87
  Use: Scroll            |     1 |     1 ||     2
 Stab: Sleeping          |     4 |       ||     4
       Distracted        |     1 |       ||     1
Armor: Robe              |    20 |       ||    20
Dodge: Dodged            |    45 |     2 ||    47
